| TOP OF THE 1ST |
|
Frisco RoughRiders batting - Pitching for Trenton Thunder : RHP Jason Barlow
|
|
Pitching: RHP Jason Barlow
|
|
|
Batting: RHB Nate Taylor
|
0-0: Ground out 4-3 (Groundball, 4, EV 83.8 MPH)
|
|
Batting: LHB Antonio Domingues
|
0-0: Ball 1-0: Ground out 4-3 (Groundball, 4M, EV 103.1 MPH)
|
|
Batting: LHB Gabriel Graves
|
0-0: Called Strike 0-1: Ball 1-1: Ground out 5-3 (Groundball, 56, EV 78.1 MPH)
|
| Top of the 1st over - 0 runs, 0 hits, 0 errors, 0 left on base; Frisco 0 - Trenton 0 |
| BOTTOM OF THE 1ST |
|
Trenton Thunder batting - Pitching for Frisco RoughRiders : RHP Andy Knothe
|
|
Pitching: RHP Andy Knothe
|
|
|
Batting: LHB Frank Mullen
|
0-0: Ball 1-0: Foul Ball, location: 2F 1-1: Foul Ball, location: 2F 1-2: Ball 2-2: Ground out 4-3 (Groundball, 4, EV 101.9 MPH)
|
|
Batting: SHB David Bantista
|
0-0: DOUBLE (Line Drive, 89D, EV 105.0 MPH)
|
|
Batting: RHB Ryan Alban
|
0-0: Ball 1-0: Called Strike 1-1: Called Strike 1-2: Ball 2-2: Ball 3-2: Fly out, F7 (Flyball, 7LS, EV 87.5 MPH)
|
|
Batting: RHB Jeremy Lewis
|
0-0: Called Strike 0-1: Ball 1-1: Ball 2-1: Swinging Strike 2-2: Foul Ball, location: 2F 2-2: SINGLE (Line Drive, 8LS, EV 105.6 MPH) David Bantista to third Runner from 3rd tries for Home, throw by CF and OUT! 8-2
|
| Bottom of the 1st over - 0 runs, 2 hits, 0 errors, 1 left on base; Frisco 0 - Trenton 0 |
| TOP OF THE 2ND |
|
Frisco RoughRiders batting - Pitching for Trenton Thunder : RHP Jason Barlow
|
|
Batting: LHB Alfonso Collazo
|
0-0: Ball 1-0: Ball 2-0: Foul Ball, location: 2F 2-1: Ground out 5-3 (Groundball, 5, EV 80.6 MPH)
|
|
Batting: LHB Justin Balthazor
|
0-0: Ball 1-0: Foul Ball, location: 2F 1-1: Called Strike 1-2: Ball 2-2: Foul Ball, location: 2F 2-2: Ball 3-2: Base on Balls
|
|
Batting: RHB Rick Concha
|
0-0: SINGLE (Line Drive, 7S, EV 98.8 MPH) Justin Balthazor to second
|
|
Batting: RHB Brandon Davis
|
0-0: Called Strike 0-1: Swinging Strike 0-2: SINGLE (Groundball, 34D, EV 96.9 MPH) Justin Balthazor to third Rick Concha to second
|
|
Batting: RHB Salamander Hed
|
0-0: Called Strike 0-1: Grounds into double play, 6-4-3 (Groundball, 6S, EV 85.6 MPH)
|
| Top of the 2nd over - 0 runs, 2 hits, 0 errors, 2 left on base; Frisco 0 - Trenton 0 |
| BOTTOM OF THE 2ND |
|
Trenton Thunder batting - Pitching for Frisco RoughRiders : RHP Andy Knothe
|
|
Batting: SHB Bobby Reynolds
|
0-0: Ground out 5-3 (Groundball, 25, EV 79.4 MPH)
|
|
Batting: RHB Stu Rancourt
|
0-0: Foul Ball, location: 2F 0-1: Foul Ball, location: 2F 0-2: Ball 1-2: Foul Ball, location: 2F 1-2: Ball 2-2: Ball 3-2: Ground out 4-3 (Groundball, 4M, EV 82.5 MPH)
|
|
Batting: RHB Alex Harvey
|
0-0: Ball 1-0: Called Strike 1-1: SINGLE (Flyball, 8RS, EV 83.1 MPH)
|
|
Batting: RHB Herb Craig
|
0-0: Ball 1-0: Ball 2-0: Ball 3-0: Base on Balls Alex Harvey to second
|
|
Batting: RHB Jose Garza
|
0-0: Called Strike 0-1: Ball 1-1: Fly out, F8 (Flyball, 8LD, EV 97.5 MPH)
|
| Bottom of the 2nd over - 0 runs, 1 hit, 0 errors, 2 left on base; Frisco 0 - Trenton 0 |
| TOP OF THE 3RD |
|
Frisco RoughRiders batting - Pitching for Trenton Thunder : RHP Jason Barlow
|
|
Batting: RHB Daniel Barger
|
0-0: Ball 1-0: Fly out, F6 (Flyball, 56D, EV 95.0 MPH)
|
|
Batting: RHB Nate Taylor
|
0-0: Foul Ball, location: 2F 0-1: Ball 1-1: Foul Ball, location: 2F 1-2: Ball 2-2: Ground out 4-3 (Groundball, 34D, EV 106.9 MPH)
|
|
Batting: LHB Antonio Domingues
|
0-0: Swinging Strike 0-1: Foul Ball, location: 2F 0-2: Strikes out looking
|
| Top of the 3rd over - 0 runs, 0 hits, 0 errors, 0 left on base; Frisco 0 - Trenton 0 |
| BOTTOM OF THE 3RD |
|
Trenton Thunder batting - Pitching for Frisco RoughRiders : RHP Andy Knothe
|
|
Batting: LHB Frank Mullen
|
0-0: Foul Ball, location: 2F 0-1: Ball 1-1: Foul Ball, location: 2F 1-2: Ball 2-2: Ball 3-2: Foul Ball, location: 2F 3-2: Ground out 6-3 (Groundball, 4MS, EV 81.9 MPH)
|
|
Batting: SHB David Bantista
|
0-0: Foul Ball, location: 2F 0-1: Ground out 4-3 (Groundball, 4, EV 79.4 MPH)
|
|
Batting: RHB Ryan Alban
|
0-0: Ball 1-0: Swinging Strike 1-1: Foul Ball, location: 2F 1-2: Ball 2-2: Foul Ball, location: 2F 2-2: Ground out 6-3 (Groundball, 56, EV 101.9 MPH)
|
| Bottom of the 3rd over - 0 runs, 0 hits, 0 errors, 0 left on base; Frisco 0 - Trenton 0 |
| TOP OF THE 4TH |
|
Frisco RoughRiders batting - Pitching for Trenton Thunder : RHP Jason Barlow
|
|
Batting: LHB Gabriel Graves
|
0-0: Called Strike 0-1: Fly out, F8 (Line Drive, 8RM, EV 94.4 MPH)
|
|
Batting: LHB Alfonso Collazo
|
0-0: Called Strike 0-1: Ground out 4-3 (Groundball, 34D, EV 109.4 MPH)
|
|
Batting: LHB Justin Balthazor
|
0-0: Ball 1-0: Swinging Strike 1-1: Ball 2-1: Foul Ball, location: 2F 2-2: Ground out 4-3 (Groundball, 4, EV 97.5 MPH)
|
| Top of the 4th over - 0 runs, 0 hits, 0 errors, 0 left on base; Frisco 0 - Trenton 0 |
| BOTTOM OF THE 4TH |
|
Trenton Thunder batting - Pitching for Frisco RoughRiders : RHP Andy Knothe
|
|
Batting: RHB Jeremy Lewis
|
0-0: Ball 1-0: Swinging Strike 1-1: Foul Ball, location: 2F 1-2: Ball 2-2: Ground out 6-3 (Groundball, 6M, EV 80.0 MPH)
|
|
Batting: SHB Bobby Reynolds
|
0-0: Called Strike 0-1: SINGLE (Groundball, 34D, EV 98.1 MPH) (infield hit)
|
|
Batting: RHB Stu Rancourt
|
0-0: Foul Ball, location: 2F 0-1: SINGLE (Line Drive, 8LS, EV 102.5 MPH) Bobby Reynolds to second
|
|
Batting: RHB Alex Harvey
|
0-0: Ball 1-0: Called Strike 1-1: Swinging Strike 1-2: Foul Ball, location: 2F 1-2: Ball 2-2: Grounds into double play, 5-4-3 (Groundball, 56, EV 96.3 MPH)
|
| Bottom of the 4th over - 0 runs, 2 hits, 0 errors, 1 left on base; Frisco 0 - Trenton 0 |
| TOP OF THE 5TH |
|
Frisco RoughRiders batting - Pitching for Trenton Thunder : RHP Jason Barlow
|
|
Batting: RHB Rick Concha
|
0-0: Reached on error, E6 (Groundball, 6, EV 84.4 MPH)
|
|
Batting: RHB Brandon Davis
|
0-0: DOUBLE (Line Drive, 7LM, EV 91.3 MPH) Rick Concha to third Runner from 3rd tries for Home, SAFE, throw by LF to home
|
|
Batting: RHB Salamander Hed
|
0-0: Called Strike 0-1: Swinging Strike 0-2: Strikes out looking
|
|
Batting: RHB Daniel Barger
|
0-0: Ball Brandon Davis steals 3rd base 1-0: Foul Ball, location: 2F 1-1: Swinging Strike 1-2: Ball 2-2: Ball 3-2: Ground out U3 (Groundball, 34S, EV 81.9 MPH) Brandon Davis scores
|
|
Batting: RHB Nate Taylor
|
0-0: Ball 1-0: Foul Ball, location: 2F 1-1: Swinging Strike 1-2: Strikes out swinging
|
| Top of the 5th over - 2 runs, 1 hit, 1 error, 0 left on base; Frisco 2 - Trenton 0 |
| BOTTOM OF THE 5TH |
|
Trenton Thunder batting - Pitching for Frisco RoughRiders : RHP Andy Knothe
|
|
Batting: RHB Herb Craig
|
0-0: Ball 1-0: Called Strike 1-1: Ball 2-1: Ground out 6-3 (Groundball, 6M, EV 100.0 MPH)
|
|
Batting: RHB Jose Garza
|
0-0: Fly out, F9 (Flyball, 9LM, EV 84.4 MPH)
|
|
Batting: LHB Frank Mullen
|
0-0: Foul Ball, location: 2F 0-1: Swinging Strike 0-2: Foul Ball, location: 2F 0-2: Ball 1-2: Foul Ball, location: 2F 1-2: Ball 2-2: Ball 3-2: Base on Balls
|
|
Batting: SHB David Bantista
|
0-0: Called Strike Frank Mullen steals 2nd base 0-1: Swinging Strike 0-2: Ball 1-2: Ball 2-2: Strikes out swinging
|
| Bottom of the 5th over - 0 runs, 0 hits, 0 errors, 1 left on base; Frisco 2 - Trenton 0 |
| TOP OF THE 6TH |
|
Frisco RoughRiders batting - Pitching for Trenton Thunder : RHP Jason Barlow
|
|
Batting: LHB Antonio Domingues
|
0-0: Called Strike 0-1: Called Strike 0-2: Foul Ball, location: 2F 0-2: SINGLE (Groundball, 4MS, EV 62.5 MPH) (infield hit)
|
|
Batting: LHB Gabriel Graves
|
0-0: Called Strike Antonio Domingues steals 2nd base 0-1: Ball 1-1: Hit by Pitch
|
|
Batting: LHB Alfonso Collazo
|
0-0: Foul Ball, location: 2F 0-1: Swinging Strike 0-2: Fly out, F7 (Flyball, 78D, EV 81.9 MPH) Runner from 2nd tags up, SAFE at 3rd with throw by LF
|
|
Batting: LHB Justin Balthazor
|
0-0: Ball 1-0: Ball 2-0: Called Strike 2-1: Foul Ball, location: 2F 2-2: Foul Ball, location: 2F 2-2: Ball 3-2: Strikes out looking Gabriel Graves steals 2nd, throwing error, E2 Antonio Domingues scores Gabriel Graves to third
|
|
Batting: RHB Rick Concha
|
0-0: SINGLE (Line Drive, 7S, EV 106.9 MPH) Gabriel Graves scores
|
|
Batting: RHB Brandon Davis
|
0-0: Fielders Choice at 2nd, 5-4 (Groundball, 56, EV 107.5 MPH)
|
| Top of the 6th over - 2 runs, 2 hits, 1 error, 1 left on base; Frisco 4 - Trenton 0 |
| BOTTOM OF THE 6TH |
|
Trenton Thunder batting - Pitching for Frisco RoughRiders : RHP Andy Knothe
|
|
Batting: RHB Ryan Alban
|
0-0: Foul Ball, location: 2F 0-1: Ball 1-1: Called Strike 1-2: Ball 2-2: Ball 3-2: DOUBLE (Groundball, 5L, EV 101.3 MPH)
|
|
Batting: RHB Jeremy Lewis
|
0-0: Ground out 6-3 (Groundball, 6, EV 102.5 MPH)
|
|
Batting: SHB Bobby Reynolds
|
0-0: Fly out, F9 (Line Drive, 9, EV 98.8 MPH)
|
|
Batting: RHB Stu Rancourt
|
0-0: Called Strike 0-1: Ball 1-1: 2-RUN HOME RUN (Flyball, 7D, EV 105.6 MPH), Distance : 397 ft
|
|
Batting: RHB Alex Harvey
|
0-0: Ball 1-0: Foul Ball, location: 2F 1-1: Foul Ball, location: 2F 1-2: Ball 2-2: Ball 3-2: Foul Ball, location: 2F 3-2: Base on Balls
|
|
Pitching: RHP Seved Landgre
|
|
|
Batting: RHB Herb Craig
|
0-0: Called Strike 0-1: Ground out U3 (Groundball, 34S, EV 86.9 MPH)
|
| Bottom of the 6th over - 2 runs, 2 hits, 0 errors, 1 left on base; Frisco 4 - Trenton 2 |
| TOP OF THE 7TH |
|
Frisco RoughRiders batting - Pitching for Trenton Thunder : RHP Jason Barlow
|
|
Batting: RHB Salamander Hed
|
0-0: Ball 1-0: Foul Ball, location: 2F 1-1: Fly out, F8 (Flyball, 8LS, EV 74.4 MPH)
|
|
Batting: RHB Daniel Barger
|
0-0: Ground out 4-3 (Groundball, 4, EV 98.1 MPH)
|
|
Batting: RHB Nate Taylor
|
0-0: Ball 1-0: Ball 2-0: Foul Ball, location: 2F 2-1: TRIPLE (Flyball, 89XD, EV 97.5 MPH)
|
|
Batting: LHB Antonio Domingues
|
0-0: Ball 1-0: Ball 2-0: Ball 3-0: Called Strike 3-1: Base on Balls
|
|
Batting: LHB Gabriel Graves
|
0-0: Called Strike 0-1: Ball 1-1: Ball 2-1: Ball 3-1: Called Strike 3-2: Strikes out swinging
|
| Top of the 7th over - 0 runs, 1 hit, 0 errors, 2 left on base; Frisco 4 - Trenton 2 |
| BOTTOM OF THE 7TH |
|
Trenton Thunder batting - Pitching for Frisco RoughRiders : RHP Seved Landgre
|
|
Now at 2B: Rick Concha
|
|
|
Now at SS: Darnell Jones
|
|
|
Batting: RHB Jose Garza
|
0-0: Called Strike 0-1: Ball 1-1: Foul Ball, location: 2F 1-2: Strikes out swinging
|
|
Batting: LHB Frank Mullen
|
0-0: Called Strike 0-1: SINGLE (Line Drive, 34D, EV 96.3 MPH)
|
|
Batting: SHB David Bantista
|
0-0: Grounds into double play, 4-6-3 (Groundball, 4, EV 104.4 MPH)
|
| Bottom of the 7th over - 0 runs, 1 hit, 0 errors, 0 left on base; Frisco 4 - Trenton 2 |
| TOP OF THE 8TH |
|
Frisco RoughRiders batting - Pitching for Trenton Thunder : RHP Jason Barlow
|
|
Batting: LHB Alfonso Collazo
|
0-0: Ball 1-0: Called Strike 1-1: Foul Ball, location: 2F 1-2: Ball 2-2: Fly out, F5 (Popup, 6S, EV 84.4 MPH)
|
|
Batting: LHB Justin Balthazor
|
0-0: Ball 1-0: Fly out, F8 (Flyball, 8RXD, EV 83.1 MPH)
|
|
Batting: RHB Rick Concha
|
0-0: Ball 1-0: SINGLE (Groundball, 4S, EV 63.1 MPH) (infield hit)
|
|
Pitching: RHP Jose Ricoy
|
|
|
Batting: RHB Brandon Davis
|
0-0: Called Strike Rick Concha steals 2nd base 0-1: Foul Ball, location: 2F 0-2: Ball 1-2: Ball 2-2: SINGLE (Groundball, 56D, EV 109.4 MPH) Rick Concha to third Runner from 3rd tries for Home, SAFE, throw by LF to home Brandon Davis to second
|
|
Batting: RHB Salamander Hed
|
0-0: Ground out 5-3 (Groundball, 15, EV 84.4 MPH)
|
| Top of the 8th over - 1 run, 2 hits, 0 errors, 1 left on base; Frisco 5 - Trenton 2 |
| BOTTOM OF THE 8TH |
|
Trenton Thunder batting - Pitching for Frisco RoughRiders : RHP Seved Landgre
|
|
Batting: RHB Ryan Alban
|
0-0: Ball 1-0: Foul Ball, location: 2F 1-1: Foul Ball, location: 2F 1-2: Ball 2-2: Foul Ball, location: 2F 2-2: Foul Ball, location: 2F 2-2: Ball 3-2: Foul Ball, location: 2F 3-2: Fly out, F8 (Flyball, 89D, EV 80.6 MPH)
|
|
Batting: RHB Jeremy Lewis
|
0-0: Called Strike 0-1: Ball 1-1: Swinging Strike 1-2: Foul Ball, location: 2F 1-2: Foul Ball, location: 2F 1-2: Ball 2-2: Foul Ball, location: 2F 2-2: Foul Ball, location: 2F 2-2: Ball 3-2: DOUBLE (Flyball, 78XD, EV 104.4 MPH)
|
|
Batting: SHB Bobby Reynolds
|
0-0: Called Strike 0-1: SINGLE (Line Drive, 7LS, EV 95.0 MPH) Jeremy Lewis to third Runner from 3rd tries for Home, throw by LF and OUT! 7-2
|
|
Batting: RHB Stu Rancourt
|
0-0: Called Strike 0-1: Ball 1-1: Ground out 6-3 (Groundball, 6M, EV 106.9 MPH)
|
| Bottom of the 8th over - 0 runs, 2 hits, 0 errors, 1 left on base; Frisco 5 - Trenton 2 |
| TOP OF THE 9TH |
|
Frisco RoughRiders batting - Pitching for Trenton Thunder : RHP Jose Ricoy
|
|
Pitching: RHP Jeff Katechis
|
|
|
Batting: RHB Daniel Barger
|
0-0: Foul Ball, location: 2F 0-1: Ball 1-1: Fly out, F9 (Flyball, 89D, EV 95.6 MPH)
|
|
Batting: RHB Darnell Jones
|
0-0: Called Strike 0-1: Ball 1-1: Foul Ball, location: 2F 1-2: Fly out, F8 (Flyball, 8RM, EV 85.6 MPH)
|
|
Batting: LHB Antonio Domingues
|
0-0: Ball 1-0: SOLO HOME RUN (Flyball, 89XD, EV 108.1 MPH), Distance : 425 ft
|
|
Batting: LHB Gabriel Graves
|
0-0: Swinging Strike 0-1: Foul Ball, location: 2F 0-2: Ball 1-2: Ball 2-2: Ground out 4-3 (Groundball, 4, EV 86.9 MPH)
|
| Top of the 9th over - 1 run, 1 hit, 0 errors, 0 left on base; Frisco 6 - Trenton 2 |
| BOTTOM OF THE 9TH |
|
Trenton Thunder batting - Pitching for Frisco RoughRiders : RHP Seved Landgre
|
|
Pitching: RHP Mike Warren
|
|
|
Batting: RHB Alex Harvey
|
0-0: Called Strike 0-1: Ground out 6-3 (Groundball, 6D, EV 111.3 MPH)
|
|
Batting: RHB Herb Craig
|
0-0: Called Strike 0-1: Ball 1-1: Ball 2-1: Called Strike 2-2: Ball 3-2: Strikes out swinging
|
|
Batting: RHB Jose Garza
|
0-0: Ball 1-0: Foul Ball, location: 2F 1-1: Ground out 5-3 (Groundball, 5, EV 109.4 MPH)
|
| Bottom of the 9th over - 0 runs, 0 hits, 0 errors, 0 left on base; Frisco 6 - Trenton 2 |
|